Map: Acropolis LE

Players

MRajoy - Winner!

  • Race: Protoss Protoss
  • League: Master
  • Spawn Location: 11:00

Mez

  • Race: Terran Terran
  • League: Master
  • Spawn Location: 5:00

VOD

Have the link to the VOD?

Description

Time

  • Played on: Aug. 31, 2019, 7:27 a.m.
  • Length: 25:11
Show
View Real Time Build Order
Export as new Build Order

MRajoy Protoss - Winner!

Build Orders: 1 Gate Expand, Double Forge, Phoenix Opening, Blink Stalkers, Colossus Rush 

Get SALT Encoding   

  12  0:00  Probe  
  13  0:12  Probe  
  14  0:17  Pylon  
  14  0:24  Probe  
  15  0:33  Probe  
  15  0:37  Gateway  
  15  0:42  Probe  
  16  0:43  Assimilator  
  17  0:52  Probe  
  18  1:04  Probe  
  19  1:17  Probe  
  20  1:24  Cybernetics Core  
  20  1:32  Nexus  
  20  1:35  Probe  
  21  1:42  Pylon  
  21  1:48  Assimilator  
  21  1:52  Probe, Stalker  
  22  2:03  Probe  
  22  2:04  Warp Gate  
  25  2:12  Probe  
  25  2:21  Shield Battery, Probe  
  26  2:26  Sentry  
  29  2:33  Probe  
  30  2:41  Probe  
  30  2:45  Probe  
  30  2:49  Probe  
  32  2:53  Pylon  
  32  2:54  Stalker  
  35  3:00  Phoenix, Probe  
  35  3:01  Twilight Council  
  35  3:02  Probe  
  37  3:08  Probe  
  38  3:16  Probe  
  38  3:17  Probe  
  38  3:18  Robotics Facility  
  40  3:28  Probe x2  
  40  3:30  Blink  
  42  3:36  Gateway x2  
  42  3:41  Probe  
  43  3:43  Probe  
  44  3:53  Probe, Assimilator  
  45  3:57  Probe  
  46  4:05  Nexus  
  46  4:06  Observer  
  47  4:12  Probe  
  47  4:13  Probe, Stalker  
  51  4:19  Assimilator  
  51  4:21  Pylon  
  51  4:25  Probe  
  51  4:26  Probe  
  53  4:37  Probe, Robotics Bay  
  54  4:39  Pylon, Probe  
  55  4:47  Forge  
  55  4:48  Forge  
  55  4:49  Probe x2  
  57  4:57  Probe  
  57  4:58  Pylon  
  57  5:01  Probe  
  57  5:05  Probe  
  59  5:11  Probe  
  59  5:12  Stalker x3  
  67  5:14  Probe  
  67  5:17  Probe  
  67  5:19  Probe  
  69  5:22  Probe  
  69  5:23  Protoss Ground Armor Level 1, Protoss Ground Weapons Level 1  
  69  5:27  Probe  
  71  5:30  Probe  
  71  5:32  Probe  
  74  5:41  Probe  
  74  5:42  Probe  
  76  5:43  Pylon, Stalker  
  76  5:44  Probe, Stalker x2  
  83  5:53  Probe  
  83  5:54  Colossus, Probe  
  91  6:02  Probe  
  92  6:05  Charge  
  92  6:06  Probe, Assimilator  
  92  6:07  Probe  
  92  6:08  Assimilator  
  92  6:10  Pylon  
  94  6:16  Gateway x2  
  94  6:20  Probe x2  
  94  6:22  Gateway  
  94  6:30  Extended Thermal Lance  
  94  6:31  Sentry x2  
  94  6:32  Zealot  
  100  6:40  Gateway  
  100  6:42  Gateway  
  100  6:46  Probe x2  
  102  6:48  Colossus  
  108  6:59  Pylon  
  108  7:01  Pylon  
  108  7:03  Nexus  
  108  7:06  Pylon  
  108  7:11  Pylon  
  108  7:12  Pylon  
  108  7:13  Templar Archives  
  108  7:41  Zealot x5  
  108  7:42  Colossus  
  124  7:54  High Templar x3  
  127  8:15  Archon  
  127  8:16  Zealot x5  
  103  8:40  Protoss Ground Weapons Level 2  
  103  8:41  Protoss Ground Armor Level 2  
  91  8:47  Stalker x3  
  91  8:48  Zealot x5  
  103  8:49  Colossus, Psionic Storm  
  111  8:57  Probe x2  
  111  9:00  Probe  
  114  9:09  High Templar x2  
  118  9:10  Zealot x2, High Templar  
  118  9:11  Stargate  
  118  9:12  Stargate  
  118  9:13  Probe x2  
  126  9:24  Dark Shrine, Pylon  
  126  9:27  Gateway, Assimilator  
  126  9:30  Gateway  
  126  9:33  Gateway, Zealot x3  
  126  9:34  Zealot x2  
  126  9:36  Assimilator  
  131  9:49  High Templar, Nexus  
  131  9:50  High Templar x2  
  131  9:51  Photon Cannon  
  131  9:52  Photon Cannon  
  137  9:55  Photon Cannon  
  137  10:01  Colossus  
  137  10:06  Photon Cannon  
  143  10:09  Pylon  
  143  10:11  Pylon  
  143  10:19  High Templar x2  
  147  10:40  Stalker x3  
  147  10:41  Dark Templar x2  
  157  10:56  Zealot x5  
  139  11:07  Colossus  
  139  11:08  Protoss Ground Weapons Level 3, Protoss Ground Armor Level 3  
  137  11:20  Stalker  
  145  11:28  Probe x3  
  148  11:38  Nexus  
  148  11:39  Pylon  
  146  11:40  Assimilator  
  146  11:42  Assimilator, Stalker x7  
  158  11:54  Observer  
  158  11:56  Zealot x3  
  158  11:57  Zealot  
  167  12:03  Observer  
  167  12:05  High Templar x2  
  171  12:10  Zealot, High Templar  
  175  12:18  Colossus  
  175  12:22  Stalker x3  
  187  12:48  High Templar  
  187  12:51  Dark Templar x3  
  187  13:27  Stalker x5  
  193  14:03  Protoss Shields Level 1  
  193  14:16  Fleet Beacon  
  193  14:18  Pylon  
  193  14:19  Pylon  
  181  15:15  Tempest x2  
  181  16:00  Stalker x2  
  181  16:01  Zealot x7, Stalker  
  181  16:03  Archon  
  179  16:15  Archon  
  179  16:16  Zealot, Archon  
  181  16:21  Zealot  
  181  16:22  Zealot x3  
  163  16:31  Colossus  
  163  16:32  Archon  
  134  16:33  Protoss Shields Level 2  
  128  16:41  Tempest x2  
  145  16:54  Zealot x2, Stalker x4  
  146  16:55  High Templar x3, Zealot x2  
  166  17:11  Pylon, Nexus  
  166  17:14  Assimilator  
  166  17:15  Dark Templar x2  
  168  17:18  Assimilator  
  170  17:23  Zealot x2, High Templar x4  
  170  17:25  Colossus  
  170  17:26  Pylon  
  170  17:28  Archon x2  
  188  17:30  Stalker x3  
  188  17:32  Tempest  
  183  18:18  Colossus, Zealot, Stalker x4  
  183  18:19  Zealot  
  189  20:03  Photon Cannon  
  189  20:05  Photon Cannon  
  189  20:07  Photon Cannon  
  189  20:08  Dark Templar x2  
  189  20:09  Pylon  
  189  20:11  Pylon, High Templar x3  
  189  20:41  Tempest x2  
  177  20:52  Colossus  
  158  21:02  Protoss Shields Level 3  
  153  21:20  Zealot x4, Stalker x2  
  153  21:21  Zealot x3, Stalker x2  
  153  21:23  Tempest  
  153  21:24  Tempest  
  185  21:43  Zealot x3  
  185  21:44  Zealot, Stalker x3  
  193  21:58  Archon x2  
  177  22:06  Tempest x2  
  175  22:15  Archon x2  
  160  22:16  Archon  
  160  22:22  Colossus  
  160  22:24  High Templar x4  
  160  22:25  Zealot x5, High Templar  
  160  22:26  Zealot  
  188  22:30  Archon x2  
  188  22:36  Photon Cannon  
  188  22:38  Photon Cannon  
  188  22:41  Photon Cannon  
  188  22:45  Photon Cannon  
  188  22:46  Photon Cannon x2  
  188  22:47  Photon Cannon  
  188  22:49  Tempest x2  
  198  22:56  Zealot  
  186  23:29  Zealot x4, Stalker x3  
  192  24:46  High Templar  
  192  24:47  High Templar x3  
Show
View Real Time Build Order
Export as new Build Order

Mez Terran 

Build Orders: Reaper Expand 

Get SALT Encoding   

  12  0:00  SCV  
  13  0:13  SCV  
  14  0:17  Supply Depot  
  14  0:25  SCV  
  15  0:38  SCV  
  15  0:40  Barracks  
  16  0:44  Refinery  
  16  0:50  SCV  
  17  1:03  SCV  
  18  1:15  SCV  
  19  1:28  Orbital Command, Reaper  
  20  1:40  Command Center  
  20  1:50  Bunker  
  20  1:54  SCV  
  20  2:00  Marine  
  22  2:04  Supply Depot  
  22  2:09  SCV  
  23  2:18  Barracks Reactor  
  24  2:32  Command Center  
  23  2:39  Factory  
  23  2:41  SCV  
  24  2:53  Orbital Command  
  24  2:55  Refinery  
  24  2:57  SCV  
  25  3:01  Marine x2  
  27  3:09  SCV  
  28  3:19  Marine x2  
  30  3:21  SCV  
  30  3:22  SCV  
  30  3:25  Widow Mine  
  34  3:28  Starport  
  34  3:36  SCV x2  
  34  3:38  Marine x2  
  38  3:47  Widow Mine, Orbital Command  
  40  3:52  Refinery  
  40  3:57  SCV x2  
  40  4:00  Marine x2  
  44  4:08  Starport Tech Lab  
  44  4:12  Factory Tech Lab  
  44  4:14  Barracks, SCV x3  
  47  4:26  Raven  
  47  4:28  Barracks, SCV x3  
  52  4:33  Marine x2  
  54  4:40  Factory Reactor, SCV x2  
  54  4:45  SCV  
  57  4:51  Refinery  
  57  4:52  Engineering Bay x2, SCV  
  58  4:55  Marine x2  
  58  4:57  SCV  
  61  5:02  Supply Depot  
  61  5:08  Stimpack  
  61  5:10  Marauder, SCV  
  64  5:25  Factory Reactor  
  64  5:28  SCV x2  
  66  5:29  Marauder, Marine x2  
  66  5:35  Marauder  
  72  5:41  Terran Infantry Armor Level 1, Terran Infantry Weapons Level 1  
  72  5:45  Orbital Command, Barracks  
  72  5:46  Supply Depot  
  72  5:47  Supply Depot, Barracks  
  72  5:48  Supply Depot  
  72  5:51  Medivac  
  74  6:03  Marine  
  74  6:04  Marauder  
  77  6:07  Marauder, Marine  
  77  6:10  Combat Shield  
  80  6:14  Widow Mine x2  
  80  6:16  SCV x2  
  86  6:22  Supply Depot  
  86  6:25  Supply Depot  
  84  6:27  Medivac x2  
  84  6:30  SCV  
  84  6:31  SCV x2  
  90  6:40  Barracks Reactor  
  90  6:41  Barracks Tech Lab, Marauder x2, Marine x2  
  90  6:42  Widow Mine x2  
  100  6:50  SCV x2  
  100  6:51  SCV  
  103  6:59  Armory  
  103  7:00  Supply Depot  
  103  7:01  Marauder, Marine x2, Supply Depot  
  104  7:02  SCV  
  104  7:04  Medivac x2  
  104  7:06  SCV x2  
  112  7:11  Concussive Shells  
  112  7:17  Marauder x2, Marine  
  112  7:22  Marine x2  
  119  7:29  Marauder, Marine  
  120  7:34  Marine  
  121  7:37  Widow Mine x2  
  121  7:38  Marauder x2  
  121  7:40  Marine  
  121  7:41  Supply Depot  
  121  7:43  Supply Depot  
  130  7:47  Ghost Academy  
  130  7:51  Marauder  
  132  7:57  Medivac  
  132  7:59  Marine  
  132  8:02  Medivac, Marine x2  
  132  8:03  Marauder, SCV x2  
  132  8:05  Marauder  
  143  8:07  Supply Depot  
  143  8:11  Supply Depot  
  138  8:22  Marauder, Marine x3  
  138  8:24  Marauder  
  138  8:26  Marauder  
  109  8:43  Marauder, Marine x3  
  109  8:46  Marauder  
  113  8:50  Starport  
  113  8:51  Barracks x2  
  113  8:54  Barracks  
  105  8:56  Medivac x2  
  109  9:06  Marauder x2, Marine x4  
  109  9:07  Marauder  
  119  9:17  SCV  
  119  9:18  SCV x2  
  119  9:19  Refinery  
  119  9:20  Refinery  
  119  9:22  Supply Depot  
  119  9:23  Supply Depot, Marine  
  123  9:26  Viking  
  123  9:27  Viking  
  123  9:30  SCV x3  
  130  9:32  Marauder  
  130  9:33  Marauder  
  128  9:48  Barracks Tech Lab x2, Marauder  
  128  9:49  Barracks Tech Lab, Marine x2  
  128  9:52  Viking x2  
  134  9:56  Viking  
  136  10:00  Terran Infantry Armor Level 2, Terran Infantry Weapons Level 2  
  136  10:01  Terran Ship Weapons Level 1  
  136  10:16  Viking  
  136  10:17  Ghost  
  136  10:19  Marine x4  
  143  10:24  Ghost  
  143  10:26  Marine x4  
  146  10:37  Marine x4  
  146  10:41  Command Center  
  150  10:55  Marauder x5, Marine  
  150  10:56  Marauder, Marine x2  
  147  11:15  Viking  
  147  11:16  Marauder x2, Viking x3  
  147  11:17  Marauder x2  
  151  11:25  Enhanced Shockwaves  
  151  11:39  Missile Turret  
  151  11:40  Missile Turret  
  151  11:41  Missile Turret  
  144  11:59  Planetary Fortress, Missile Turret  
  144  12:09  Ghost  
  144  12:10  Ghost x3  
  144  12:11  Marauder x2  
  144  12:12  Command Center  
  156  12:15  Marine  
  156  12:16  Marine  
  158  12:25  Refinery  
  158  12:26  Refinery  
  158  12:33  SCV x3  
  157  12:45  SCV x2  
  157  12:47  Sensor Tower  
  159  12:52  Sensor Tower, Viking x4  
  167  13:02  Starport  
  156  13:26  Missile Turret  
  156  13:29  Missile Turret  
  156  13:31  Medivac x3  
  156  13:32  Medivac  
  162  13:50  Starport Tech Lab  
  162  13:51  Marauder x4  
  162  13:52  Marauder x2  
  172  14:01  Medivac  
  173  14:03  Medivac x2  
  173  14:04  Personal Cloaking, Medivac  
  173  14:07  SCV x4  
  183  14:19  SCV x4  
  187  14:31  Medivac  
  187  14:36  Ghost x2  
  188  14:54  Viking x4  
  192  15:01  Viking  
  192  15:15  Fusion Core  
  192  15:24  Viking x3  
  192  15:27  Viking  
  194  15:31  Viking  
  194  15:48  Marauder x3  
  194  15:49  Marauder  
  181  16:21  Marauder, Marine  
  162  16:26  Liberator x4  
  162  16:27  Marauder x3, Marine  
  137  16:34  Marauder, Marine  
  132  16:42  Marauder x2, Marine x2  
  132  16:43  Banshee  
  132  16:45  Advanced Ballistics  
  153  16:48  Marauder  
  153  16:49  Marauder  
  157  16:56  Refinery  
  157  16:59  Planetary Fortress  
  157  17:00  Missile Turret  
  157  17:05  Sensor Tower  
  157  17:06  Refinery  
  157  17:07  Ghost x2, Marine x3  
  157  17:08  Liberator, Marine x3  
  167  17:09  Marine x2  
  171  17:39  Liberator x3  
  171  17:40  Liberator  
  171  17:44  Missile Turret  
  170  17:51  Liberator  
  184  17:58  Marauder  
  184  17:59  Marauder  
  153  18:19  SCV x4  
  143  18:31  SCV  
  144  18:37  Marauder, Marine  
  144  18:38  Marauder x2  
  144  18:39  Medivac x3  
  144  18:40  Viking  
  159  18:42  Marauder, Sensor Tower  
  159  18:43  Marauder x2  
  163  18:51  Viking  
  160  18:56  Marine  
  160  18:57  Marine x3  
  160  18:58  Ghost x2  
  160  18:59  Marauder  
  170  19:03  Ghost  
  170  19:09  Viking x4  
  168  19:21  Marauder x3, Viking, Marine x2  
  174  19:29  Missile Turret  
  174  19:31  Missile Turret x2  
  168  19:39  Viking x3  
  168  19:43  Missile Turret  
  172  19:47  Viking  
  172  19:48  Marauder x2  
  172  19:49  Marauder  
  172  20:27  Command Center  
  164  20:39  Ghost x3  
  164  20:40  Marauder x3, Marine x2  
  163  21:01  Ghost x3  
  163  21:02  Command Center  
  166  21:07  Ghost x2  
  166  21:11  Liberator x2  
  153  21:25  Marauder, Marine x3  
  155  21:28  Viking x2  
  155  21:30  Marauder x2, Viking  
  147  22:02  Marauder x6, Marine x4  
  122  22:19  Command Center  
  122  22:20  Marine  
  123  22:23  Marauder  
  123  22:24  Marauder x3  
  123  22:28  Sensor Tower  
  131  22:45  Marauder x3, Viking x2, Marine x2  
  131  22:50  Planetary Fortress  
  137  23:00  Missile Turret  
  137  23:09  Viking x2  
  137  23:10  Marauder x3, Marine x2  
  141  23:27  SCV x4  
  141  23:28  SCV  
  142  23:39  SCV  
  142  23:40  SCV x2  
  144  23:49  Liberator  
  142  24:04  Ghost x3  
  142  24:05  Marauder, Marine x2  
  142  24:06  Marauder x2, Marine  
  154  24:27  Marauder  
  154  24:30  Ghost x2, Marine x2  
  162  24:31  Medivac  
  162  24:33  Ghost  
  162  24:38  Marine x4  
Tags
 
Add a new tag
Caveats
  • Supply blocks, unpowered buildings, or Contaminate may cause inaccurate times.
  • Supply counts are checked every 10 seconds.